 Dungeon Crawl Stone Soup version 0.29.1-15-g9cfb28693d (webtiles) character file.

Game seed: 10290429469253099745

794 protoss039 the Digger (level 7, -3/52 HPs)
             Began as a Demonspawn Earth Elementalist on Mar 13, 2023.
             Killed from afar by Dowan (15 damage)
             ... with a stone arrow
             ... on level 5 of the Dungeon.
             The game lasted 00:07:01 (4849 turns).

protoss039 the Digger (DsEE)                        Turns: 4849, Time: 00:07:02

Health: -3/52      AC: 10    Str:  8    XL:     7   Next: 58%
Magic:  9/13       EV: 10    Int: 19    God:
Gold:   102        SH:  0    Dex: 13    Spells: 11/14 levels left

rFire   . . .      SeeInvis .   e - +1 dagger (venom)
rCold   . . .      Faith    .   (no shield)
rNeg    . . .      Spirit   .   h - +0 ring mail
rPois   .          Reflect  .   m - +0 helmet
rElec   .          Harm     .   (no cloak)
rCorr   .          Rampage  .   (no gloves)
Will    .....                   v - +0 pair of boots
Stlth   +.........              (no amulet)
HPRegen 0.17/turn               (no ring)
MPRegen 0.13/turn               (no ring)

@: no status effects
A: ignite blood 1, sharp scales 2, demonic touch 1
a: no special abilities


You were on level 5 of the Dungeon.
You visited 1 branch of the dungeon, and saw 5 of its levels.

You collected 150 gold pieces.
You spent 48 gold pieces at shops.

Inventory:

Hand Weapons
 e - a +1 dagger of venom (weapon)
Missiles
 g - a throwing net
Armour
 h - a +0 ring mail (worn)
 m - a +0 helmet (worn)
 v - a +0 pair of boots (worn)
Wands
 y - a wand of flame (20)
Scrolls
 d - 4 scrolls of identify
 f - 2 scrolls of blinking
 i - a scroll of butterflies {unknown}
 k - a scroll of immolation {unknown}
 p - 2 scrolls of magic mapping
 s - a scroll of teleportation {unknown}
 w - a scroll of vulnerability {unknown}
 x - a scroll of fear
Potions
 a - 2 potions of haste
 b - a potion of magic
 c - a potion of curing {unknown}
 j - 4 potions of lignification
 l - 2 potions of mutation {unknown}
 n - a potion of heal wounds {unknown}
 o - a potion of resistance {unknown}
 q - 2 potions of flight
 r - a potion of brilliance {unknown}
 t - a potion of invisibility {unknown}
 u - a potion of degeneration {unknown}


   Skills:
 + Level 3.6 Fighting
 * Level 4.4 Armour
 - Level 1.7 Dodging
 - Level 1.7 Stealth
 + Level 4.0 Spellcasting
 - Level 0.8 Transmutations
 + Level 4.4 Earth Magic


You had 11 spell levels left.
You knew the following spells:

 Your Spells              Type           Power      Damage    Failure   Level
a - Sandblast             Erth           40%        2d10      6%          1
b - Passwall              Tmut/Erth      11%        N/A       19%         2

Your spell library contained the following spells:

 Spells                   Type           Power      Damage    Failure   Level
 Beastly Appendage        Tmut           14%        N/A       26%         1
 Wereblood                Tmut           7%         N/A       38%         2
 Stone Arrow              Conj/Erth      24%        3d8       41%         3
 Poisonous Vapours        Pois/Air       6%         N/A       50%         2
 Spider Form              Tmut/Pois      5%         N/A       67%         3
 Petrify                  Tmut/Erth      14%        N/A       77%         4
 Corpse Rot               Necr/Pois/Air  3%         N/A       98%         4
 Iskenderun's Battlesphe  Conj           3%         2d6       100%        5
 Iron Shot                Conj/Erth      6%         9d2       100%        6
 Spellforged Servitor     Conj/Summ      1%         N/A       100%        7


Dungeon Overview and Level Annotations

Branches:
Dungeon (5/15) Zot: 25118
 Temple: D:4-7

Altars:
Ashenzari
Dithmenos
Gozag
Hepliaklqana
Qazlal

Shops:
D:3 *:(

Annotations:
D:5 Dowan


Innate Abilities, Weirdness & Mutations

Your demonic aura sometimes causes spilled blood to erupt in flames.
You are mostly covered in razor-sharp scales. (AC +2, Slay +2)
Your touch may inflict minor irresistible damage on your foes.


Message History

Unknown command.
Unknown command.
Press: ? - help, v - describe, . - travel, g - get item
Items here: a +0 rapier; a +0 scale mail; the elf corpse of Duvessa.
The floor.
Unknown command.
Unknown command.
Casting: Sandblast (safe; 6% risk of failure)
Confirm with . or Enter, or press ? or * to list all spells.
Aiming: Sandblast (safe; 6% risk of failure)
Press: ? - help, Shift-Dir - straight line, f - Dowan
Aim: Dowan, wielding a +0 dagger and wearing a +0 robe (lightly wounded, fast, poisoned, 76% to hit)
The blast of sand misses Dowan.
Dowan mumbles some strange words.
Dowan blinks!
Casting: Sandblast (safe; 6% risk of failure)
Confirm with . or Enter, or press ? or * to list all spells.
Aiming: Sandblast (safe; 6% risk of failure)
Press: ? - help, Shift-Dir - straight line, f - you, p - Dowan That would be overly suicidal.
Okay, then.
Unknown command.
Casting: Sandblast (safe; 6% risk of failure)
Confirm with . or Enter, or press ? or * to list all spells.
Aiming: Sandblast (safe; 6% risk of failure)
Press: ? - help, Shift-Dir - straight line, f - Dowan
Aim: Dowan, wielding a +0 dagger and wearing a +0 robe (lightly wounded, fast, poisoned, 76% to hit)
The blast of sand hits Dowan.
Dowan is moderately wounded.
Dowan casts a spell.
Dowan blinks!
Casting: Sandblast (safe; 6% risk of failure)
Confirm with . or Enter, or press ? or * to list all spells.
Aiming: Sandblast (safe; 6% risk of failure)
Press: ? - help, Shift-Dir - straight line, f - you, p - Dowan
Okay, then.
Dowan looks more healthy.
Dowan casts a spell at you. The stone arrow hits you!
You die...

......................
..##.... .
#....##.............# #
#.... ..
#...###........#.... #....
#. #..#.#.......)# .# #....
#.###.............###.##
.....
.......................# ...
....##.#...........#..##
.......#...........#†.##
#...........(e..@...?..#
#........#........###....
#....#.###.......§#.#..#..
##..######.............#....
#.... #....####...#### #..
##..## ##...# #..## .. ####
###.######..##.
#...###............
#.###..)##.#..........


You could see Dowan (fast).

Vanquished Creatures
  Duvessa (D:5)
  An ogre (D:5)
  A bullfrog (D:4)
  A scorpion (D:4)
  3 hounds (D:5)
  A gnoll bouda (D:5)
  Ijyb (D:5)
  3 orc wizards
  9 gnolls
  10 adders
  An ufetubus (D:4)
  A worm (D:3)
  3 dart slugs
  12 orcs
  3 endoplasms
  5 giant cockroaches
  3 goblins
  7 hobgoblins
  2 jackals (D:1)
  3 kobolds
  4 quokkas
  7 ball pythons
  3 bats
  A frilled lizard (D:2)
  7 rats
93 creatures vanquished.

Notes
Turn   | Place    | Note
-------+----------+-------------------------------------------
     0 | D:1      | protoss039 the Demonspawn Earth Elementalist began the
                  | quest for the Orb.
     0 | D:1      | Reached XP level 1. HP: 13/13 MP: 3/3
   483 | D:1      | Found a faded altar of an unknown god.
   503 | D:1      | Gained mutation: Your touch may inflict minor irresistible
                  | damage on your foes. [demonic ancestry]
   503 | D:1      | Reached XP level 2. HP: 10/20 MP: 3/5
   814 | D:1      | Reached skill level 1 in Fighting
  1179 | D:1      | Gained mutation: Your demonic aura sometimes causes spilled
                  | blood to erupt in flames. [demonic ancestry]
  1179 | D:1      | Reached XP level 3. HP: 26/26 MP: 6/6
  1324 | D:1      | Learned a level 2 spell: Passwall
  2041 | D:3      | Found Iddomeob's General Store.
  2047 | D:3      | Bought a scroll of identify for 24 gold pieces
  2047 | D:3      | Bought a scroll of identify for 24 gold pieces
  2094 | D:3      | Found Nasuidec's Book Shop.
  2140 | D:3      | Found Mid Nimm's Antique Weapon Shop.
  2169 | D:3      | Reached skill level 1 in Armour
  2306 | D:3      | Found a broken altar of Ashenzari.
  2464 | D:3      | Reached XP level 4. HP: 32/32 MP: 8/8
  2799 | D:3      | Found a shadowy altar of Dithmenos.
  2821 | D:3      | Found a hazy altar of Hepliaklqana.
  2836 | D:3      | Found a stormy altar of Qazlal.
  2869 | D:3      | Found an opulent altar of Gozag.
  3342 | D:4      | Noticed a bullfrog
  3346 | D:4      | Killed a bullfrog
  3347 | D:4      | Gained mutation: You are partially covered in razor-sharp
                  | scales. (AC +1, Slay +1) [demonic ancestry]
  3347 | D:4      | Reached XP level 5. HP: 38/38 MP: 7/9
  3563 | D:4      | Gained mutation: You are mostly covered in razor-sharp
                  | scales. (AC +2, Slay +2) [demonic ancestry]
  3563 | D:4      | Reached XP level 6. HP: 45/46 MP: 5/10
  3911 | D:5      | Entered Level 5 of the Dungeon
  4154 | D:5      | Reached XP level 7. HP: 28/52 MP: 5/12
  4552 | D:5      | Noticed Duvessa
  4553 | D:5      | Noticed Dowan
  4605 | D:5      | Noticed Ijyb
  4615 | D:5      | Killed Ijyb
  4842 | D:5      | Killed Duvessa
  4849 | D:5      | Killed from afar by Dowan

Illustrated notes

Levels and vault maps discovered:
D:1:      minmay_arrival_stair_chambers, layout_basic,
          shapermc_ecumenical_altar_mp_highgroup, hangedman_decor_riveting,
          corexii_corridor_pit
D:2:      layout_loops_ring
D:3:      layout_loops_ring, nicolae_overflow_quartered_altars,
          evilmike_ruin_ashenzari, serial_shops, shop, nicolae_shop_stone,
          nicolae_shop_waterfront, amcnicky_mini_rare_corridor_liquid,
          minivault_14
D:4:      layout_cave_pools, serial_column_ruins, column_ruins_square_medium,
          column_ruins_open_tiny, column_ruins_open_medium,
          column_ruins_columns_dead_end, column_ruins_columns_straight,
          column_ruins_columns_T, minmay_statues_item
D:5:      layout_cave_pools, serial_gnoll_camp, gnoll_camp_mini_sergeant,
          gnoll_camp_mini_doghouse, gnoll_camp_mini_basic, gnoll_camp_medium_01,
          uniq_ijyb, uniq_pikel, uniq_duvessa

Skill      XL: |  1  2  3  4  5  6  7 |
---------------+----------------------+-----
Fighting       | 1 2 3 |  3.6
Earth Magic    | 3 4 |  4.4
Armour         | 1 2 3 4 |  4.4
Spellcasting   | 3 4 |  4.0
Dodging        | |  1.7
Stealth        | |  1.7
Transmutations | |  0.8

Action                   |  1- 3 |  4- 6 |  7- 9 || total
-------------------------+-------+-------+-------++-------
Melee: Dagger            |    88 |    69 |    49 ||   206
       Punch             |     1 |       |     1 ||     2
       Touch             |    15 |    16 |     9 ||    40
 Cast: Sandblast         |    11 |    41 |    10 ||    62
Evoke: Wand              |       |       |     1 ||     1
  Use: Scroll            |       |     5 |     3 ||     8
 Stab: Sleeping          |     1 |       |       ||     1
Armor: Robe              |     2 |       |       ||     2
       Ring mail         |    27 |    66 |    35 ||   128
Dodge: Dodged            |    57 |    70 |    19 ||   146
